[Event "ICC tourney 1970 (45 10)"]
[Site "Internet Chess Club"]
[Date "2020.08.23"]
[Round "6"]
[White "funstyle"]
[Black "swiecsd"]
[Result "1-0"]
[ICCResult "Black resigns"]
[WhiteElo "1053"]
[BlackElo "740"]
[Opening "Giuoco Pianissimo: Italian four knights variation"]
[ECO "C50"]
[NIC "IG.02"]
[Time "13:31:29"]
[TimeControl "2700+10"]

1. e4 e5 2. Bc4 Bc5 3. Nf3 Nc6 4. Nc3 Nf6 5. d3 d6 6. h3 h6 7. Kf1 O-O 8.
Ke2 Nd4+ 9. Nxd4 exd4 10. Nd5 Nxd5 11. Bxd5 c6 12. Bb3 Re8 13. Re1 d5 14.
Kf1 b5 15. exd5 cxd5 16. Rxe8+ Qxe8 17. Bxd5 Rb8 18. Qe2 Qd8 19. Qf3 Ba6 20.
Qxf7+ Kh8 21. Bf4 Rc8 22. Be5 Qg8 23. Qxg8+ Rxg8 24. Bxg8 Kxg8 25. Re1 b4
26. Re4 Bb7 27. Rg4 h5 28. Rxg7+ Kh8 29. Rxb7+ Kg8 30. Rg7+ Kh8 31. Rc7+ Kg8
32. Rxc5 a5 33. Rxa5 h4 34. Ra7 Kf8 35. Bxd4 b3 36. axb3 Ke8 37. Be5 Kd8 38.
Rc7 Ke8 39. b4 Kd8 40. b5 {Black resigns} 1-0

[Event "ICC tourney 1970 (45 10)"]
[Site "Internet Chess Club"]
[Date "2020.08.23"]
[Round "6"]
[White "Tuguldur"]
[Black "emilyz"]
[Result "1-0"]
[ICCResult "Black checkmated"]
[WhiteElo "834"]
[BlackElo "202"]
[Opening "Giuoco Pianissimo: Italian four knights variation"]
[ECO "C55"]
[NIC "IG.01"]
[Time "13:32:15"]
[TimeControl "2700+10"]

1. e4 e5 2. Nf3 Nc6 3. Bc4 Nf6 4. Nc3 Bc5 5. d3 O-O 6. Bg5 d6 7. h3 Be6 8.
Bb3 Bd7 9. O-O Na5 10. Ba4 Bb4 11. Bxd7 Bxc3 12. Ba4 Nc6 13. bxc3 Qc8 14.
Bxc6 bxc6 15. Bxf6 gxf6 16. Nh4 d5 17. Nf5 dxe4 18. Qg4+ Kh8 19. Qg7#
{Black checkmated}
1-0

[Event "ICC tourney 1970 (45 10)"]
[Site "Internet Chess Club"]
[Date "2020.08.23"]
[Round "6"]
[White "LittlePawn135"]
[Black "arjunbupeshnath"]
[Result "0-1"]
[ICCResult "White resigns"]
[WhiteElo "417"]
[BlackElo "911"]
[Opening "Ruy Lopez: classical (Cordel) defense"]
[ECO "C64"]
[NIC "RL.01"]
[Time "13:31:35"]
[TimeControl "2700+10"]

1. e4 e5 2. Nf3 Nc6 3. Bb5 Bc5 4. O-O d6 5. d4 exd4 6. Nxd4 Bd7 7. Nxc6 Bxc6
8. Bxc6+ bxc6 9. b3 Qf6 10. c3 Ne7 11. Bb2 O-O 12. Qd2 Ng6 13. c4 Ne5 14. b4
Qg6 15. bxc5 Nf3+ {White resigns} 0-1

[Event "ICC tourney 1970 (45 10)"]
[Site "Internet Chess Club"]
[Date "2020.08.23"]
[Round "6"]
[White "HeSteven"]
[Black "Anichess2009"]
[Result "0-1"]
[ICCResult "White checkmated"]
[WhiteElo "838"]
[BlackElo "473"]
[Opening "Pirc defense"]
[ECO "B07"]
[NIC "PU.08"]
[Time "13:31:48"]
[TimeControl "2700+10"]

1. e4 d6 2. d4 Nf6 3. Nf3 g6 4. Be3 Bg7 5. Nc3 O-O 6. Qd2 Nc6 7. Bh6 e5 8.
Bxg7 Kxg7 9. d5 Nd4 10. Nxd4 exd4 11. Qxd4 c5 12. Qd2 Re8 13. f3 b6 14.
O-O-O Re5 15. Bd3 Bb7 16. h4 Nh5 17. g4 Nf6 18. g5 Nh5 19. f4 Re8 20. f5 c4
21. f6+ Kg8 22. Bxc4 Ng3 23. Rhg1 Nxe4 24. Nxe4 Rxe4 25. Bd3 Rxh4 26. Rh1
Rxh1 27. Rxh1 Bxd5 28. Rh3 Rc8 29. Qh2 h5 30. Ba6 Rc6 31. Bb7 Rc5 32. Bxd5
Rxd5 33. c4 Rxg5 34. Ra3 Ra5 35. Rxa5 bxa5 36. Qf2 a6 37. Qa7 Qxf6 38. Qxa6
Qf4+ 39. Kc2 Qe4+ 40. Kb3 Qd3+ 41. Ka4 d5 42. Qa8+ Kh7 43. cxd5 Qc4+ 44. Ka3
Qb4# {White checkmated} 0-1

[Event "ICC tourney 1970 (45 10)"]
[Site "Internet Chess Club"]
[Date "2020.08.23"]
[Round "6"]
[White "piforeveryone"]
[Black "lienegu"]
[Result "1-0"]
[ICCResult "Black resigns"]
[WhiteElo "1092"]
[BlackElo "769"]
[Opening "Queen's pawn, Mason variation"]
[ECO "D00"]
[NIC "QP.08"]
[Time "13:32:15"]
[TimeControl "2700+10"]

1. d4 d5 2. Bf4 Nc6 3. e3 Nf6 4. Nf3 Bf5 5. c4 e6 6. Nc3 Bb4 7. Qb3 a5 8. a3
Bxc3+ 9. bxc3 dxc4 10. Qxb7 Be4 11. Bxc4 Nxd4 12. Bb5+ Nd7 13. Qxe4 Nxb5 14.
Qc6 Na7 15. Qe4 Nf6 16. Qa4+ Qd7 17. Qxd7+ Nxd7 18. Ke2 Rc8 19. Rab1 O-O 20.
Rb7 Nc6 21. Rd1 Nb6 22. Rxc7 Rxc7 23. Bxc7 Rc8 24. Bxb6 Rb8 25. Bd4 Nxd4+
26. Rxd4 h6 27. Ne5 Rb3 28. Rd8+ Kh7 29. Nxf7 Rxa3 30. Kf3 a4 31. Kg4 Rxc3
32. Kh5 Rc5+ 33. Kg4 Rc4+ 34. Kf3 a3 35. Ra8 Rc3 36. Ne5 Rb3 37. Nc4 Rb7 38.
Rxa3 Rf7+ 39. Kg3 h5 40. Ne5 Rf5 41. Nf3 Kg6 42. Nh4+ Kg5 43. Nxf5 e5 44.
Nxg7 e4 45. Ra5+ {Black resigns} 1-0

[Event "ICC tourney 1970 (45 10)"]
[Site "Internet Chess Club"]
[Date "2020.08.23"]
[Round "6"]
[White "AJRChess2011"]
[Black "luckylol3"]
[Result "1-0"]
[ICCResult "Black resigns"]
[WhiteElo "1187"]
[BlackElo "946"]
[Opening "Ruy Lopez: exchange, Keres variation"]
[ECO "C68"]
[NIC "RL.08"]
[Time "13:31:21"]
[TimeControl "2700+10"]

1. e4 e5 2. Nf3 Nc6 3. Bb5 a6 4. Bxc6 dxc6 5. Nc3 Bg4 6. h3 Bxf3 7. Qxf3 Nf6
8. d3 Be7 9. O-O O-O 10. Qg3 Bd6 11. Bh6 Ne8 12. Rae1 Kh8 13. Bd2 Nf6 14.
Ne2 c5 15. f4 exf4 16. Nxf4 Re8 17. Bc3 Bxf4 18. Rxf4 Rg8 19. Qf2 b6 20.
Rxf6 {Black resigns} 1-0

[Event "ICC tourney 1970 (45 10)"]
[Site "Internet Chess Club"]
[Date "2020.08.23"]
[Round "6"]
[White "Snowzera"]
[Black "RohithRV199"]
[Result "1-0"]
[ICCResult "Black checkmated"]
[WhiteElo "1082"]
[BlackElo "854"]
[Opening "Ruy Lopez: Berlin defense"]
[ECO "C65"]
[NIC "RL.07"]
[Time "13:31:29"]
[TimeControl "2700+10"]

1. e4 e5 2. Nf3 Nc6 3. Bb5 Nf6 4. Bxc6 dxc6 5. Nc3 Bd6 6. d4 exd4 7. Qxd4
O-O 8. e5 c5 9. Qd2 Re8 10. O-O Bxe5 11. Qxd8 Bxh2+ 12. Kxh2 Ng4+ 13. Kg3
Rxd8 14. Nh2 Rd4 15. Nb5 Nxh2 16. Kxh2 Rh4+ 17. Kg3 Rg4+ 18. Kf3 c6 19. Nc7
Rb8 20. Re1 Bd7 21. Bf4 Rc8 22. Rad1 Bf5 23. Re8+ Rxe8 24. Nxe8 Rg6 25. Rd6
Rxd6 26. Nxd6 Bxc2 27. Nxb7 Bb1 28. a3 c4 29. Na5 Bd3 30. Nxc6 a6 31. Nb4
Bf1 32. Nc2 a5 33. Ne3 Bd3 34. Bc7 a4 35. Kf4 Kf8 36. Ke5 Ke7 37. Kd4 Ke6
38. Nxc4 Bxc4 39. Kxc4 f5 40. Kb4 g5 41. Kxa4 h5 42. b4 h4 43. b5 g4 44. b6
h3 45. gxh3 gxh3 46. b7 h2 47. Bxh2 f4 48. b8=Q f3 49. Qe5+ Kf7 50. Kb5 Kf8
51. Qd6+ Kg8 52. Kc5 Kh8 53. Be5+ Kg8 54. Qd8+ Kf7 55. Qf6+ Ke8 56. Qg7 Kd8
57. Kd6 Kc8 58. Qc7# {Black checkmated} 1-0

[Event "ICC tourney 1970 (45 10)"]
[Site "Internet Chess Club"]
[Date "2020.08.23"]
[Round "6"]
[White "Alberttheshow"]
[Black "mithu542"]
[Result "1-0"]
[ICCResult "Black resigns"]
[WhiteElo "559"]
[BlackElo "697"]
[Opening "Sicilian defense"]
[ECO "B30"]
[NIC "SI.31"]
[Time "13:31:40"]
[TimeControl "2700+10"]

1. e4 c5 2. Nf3 Nc6 3. Nc3 g6 4. Bc4 Bg7 5. d3 Nf6 6. O-O d6 7. Bg5 O-O 8.
Re1 Be6 9. Bxe6 fxe6 10. Qe2 Qd7 11. Rad1 d5 12. e5 d4 13. exf6 Bxf6 14.
Bxf6 exf6 15. Ne4 Ne7 16. c3 dxc3 17. bxc3 f5 18. Nxc5 Qc6 19. Qxe6+ Qxe6
20. Rxe6 Rad8 21. Rxe7 Rd6 22. Nxb7 Rb6 23. Ng5 Rbf6 24. Rxh7 R6f7 25. Rxf7
Rxf7 26. Nxf7 Kxf7 27. c4 Kf6 28. c5 Ke6 29. c6 Ke7 30. c7 Kd7 31. Rc1 a6
32. c8=Q+ Ke7 33. Re1+ Kf6 34. Qc6+ Kf7 35. Qd6 a5 36. Re7+ {Black resigns}
1-0

[Event "ICC tourney 1970 (45 10)"]
[Site "Internet Chess Club"]
[Date "2020.08.23"]
[Round "6"]
[White "kushagra12"]
[Black "neelansh2489"]
[Result "1-0"]
[ICCResult "Black checkmated"]
[WhiteElo "820"]
[BlackElo "1101"]
[Opening "Scotch gambit"]
[ECO "C44"]
[NIC "SO.06"]
[Time "13:31:26"]
[TimeControl "2700+10"]

1. e4 e5 2. Nf3 Nc6 3. d4 exd4 4. Bc4 h6 5. Nxd4 Nxd4 6. Qxd4 d6 7. Nc3 Qf6
8. Qxf6 Nxf6 9. Nd5 Nxd5 10. exd5 Bf5 11. Bb3 O-O-O 12. O-O Re8 13. a4 g6
14. Bd2 Bg7 15. Bc1 Re2 16. c3 Rhe8 17. a5 Re1 18. Be3 Rxf1+ 19. Rxf1 a6 20.
h3 h5 21. Re1 Bd3 22. f3 Bh6 23. Kf2 Bxe3+ 24. Rxe3 Rxe3 25. Kxe3 Bf5 26. g4
hxg4 27. hxg4 Bd7 28. Kf4 Kd8 29. Kg5 Ke7 30. f4 Kf8 31. f5 gxf5 32. gxf5
Kg7 33. f6+ Kh7 34. Bc2+ Kg8 35. Kh6 Kh8 36. Kg5 Kg8 37. Bf5 Bb5 38. b3 Be2
39. Bg4 Bd3 40. c4 Bc2 41. b4 Bb3 42. Be2 Kf8 43. Kh6 Kg8 44. Bd3 Ba2 45.
Kg5 Kf8 46. Kf5 Bb3 47. Ke4 Ke8 48. b5 axb5 49. cxb5 Kd7 50. a6 bxa6 51.
bxa6 Kc8 52. Kd4 Kb8 53. Bc4 Ba4 54. Ke3 Ka7 55. Kf4 c5 56. dxc6 Bxc6 57.
Bxf7 d5 58. Bg6 d4 59. f7 d3 60. f8=Q d2 61. Qd6 Ba4 62. Qxd2 Kxa6 63. Bd3+
Kb6 64. Qb4+ Bb5 65. Qxb5+ Kc7 66. Qa6 Kd7 67. Bf5+ Ke7 68. Qe6+ Kd8 69.
Qd7# {Black checkmated} 1-0

[Event "ICC tourney 1970 (45 10)"]
[Site "Internet Chess Club"]
[Date "2020.08.23"]
[Round "6"]
[White "oliver-kc"]
[Black "ishban"]
[Result "1-0"]
[ICCResult "Black checkmated"]
[WhiteElo "469"]
[BlackElo "974"]
[Opening "Scotch gambit"]
[ECO "C50"]
[NIC "IG.02"]
[Time "13:31:27"]
[TimeControl "2700+10"]

1. e4 e5 2. Nf3 Nc6 3. Bc4 Bc5 4. d4 exd4 5. Ng5 d5 6. exd5 Nce7 7. d6 Qxd6
8. Nxf7 Qf6 9. Nxh8 d3 10. Bf7+ Kf8 11. Qf3 Qxf3 12. gxf3 dxc2 13. Na3 Bxa3
14. bxa3 g6 15. Nxg6+ hxg6 16. Bb3 Bf5 17. Bb2 Rd8 18. Rc1 Nc6 19. Bxc2 Bxc2
20. Rxc2 Rd3 21. Rc3 Rxc3 22. Bxc3 Kf7 23. Kd2 Ke6 24. Re1+ Kf5 25. Ke3 Nge7
26. f4 Nd5+ 27. Kd3 Nxf4+ 28. Kc2 g5 29. Rg1 g4 30. Rg3 Ne7 31. Bb4 Ned5 32.
Kb3 Nh3 33. Rg2 Kf4 34. Ka4 Kf3 35. Rg3+ Kf4 36. Kb5 Nxf2 37. Bc5 Ne4 38.
Rb3 a6+ 39. Kc4 Ndf6 40. Be3+ Ke5 41. Bd4+ Kd6 42. Bxf6 Nxf6 43. Rxb7 Kc6
44. Rb3 Ne4 45. Re3 Nd6+ 46. Kb4 a5+ 47. Kc3 Nb5+ 48. Kb3 Nd4+ 49. Kc4 Nf5
50. Re5 Nd6+ 51. Kb3 Nb5 52. Rg5 Nd4+ 53. Ka4 Nf3 54. Rxg4 Nxh2 55. Rg6+ Kb7
56. Kxa5 Nf3 57. Kb5 Nd4+ 58. Kc5 Nf5 59. Rc6 Ne7 60. Re6 Nc8 61. Re1 Nb6
62. Re7 Nc8 63. Rh7 Nb6 64. Kb5 Nc8 65. a4 Nd6+ 66. Kc5 Nc8 67. a5 Na7 68.
Rh6 c6 69. Rh7+ Ka6 70. Kb4 Nc8 71. Rc7 Na7 72. a4 c5+ 73. Rxc5 Kb7 74. Rb5+
Kc8 75. Rc5+ Kb7 76. Rh5 Nc6+ 77. Kb5 Nd4+ 78. Kc4 Nc6 79. Rb5+ Ka6 80. Rb6+
Kxa5 81. Rxc6 Kxa4 82. Ra6# {Black checkmated} 1-0

[Event "ICC tourney 1970 (45 10)"]
[Site "Internet Chess Club"]
[Date "2020.08.23"]
[Round "6"]
[White "tundrarules"]
[Black "JKnapp"]
[Result "1-0"]
[ICCResult "Black resigns"]
[WhiteElo "1045"]
[BlackElo "790"]
[Opening "Scandinavian (center counter) defense"]
[ECO "B01"]
[NIC "SD.02"]
[Time "13:31:45"]
[TimeControl "2700+10"]

1. e4 d5 2. exd5 Qxd5 3. Nc3 Qd8 4. Nf3 Nf6 5. d4 Bf5 6. Bc4 e6 7. Bf4 Bd6
8. Bg5 Nbd7 9. h3 h6 10. Be3 O-O 11. Bd3 Bxd3 12. Qxd3 e5 13. dxe5 Nxe5 14.
Nxe5 Bxe5 15. O-O Qd6 16. Qxd6 cxd6 17. Rad1 Rac8 18. Rd3 Rfd8 19. Bxa7 d5
20. Bd4 Bxd4 21. Rxd4 Ne4 22. Nxd5 Ng5 23. Rfd1 Re8 24. Ne3 Re6 25. Rd8+
Rxd8 26. Rxd8+ Kh7 27. Rb8 Rg6 28. Kf1 Rb6 29. b3 Kg6 30. Nc4 Ra6 31. a4 Re6
32. Rxb7 Rf6 33. Rb6 Ne6 34. a5 Rf5 35. a6 Rd5 36. a7 Rd8 37. Rb8
{Black resigns}
1-0

[Event "ICC tourney 1970 (45 10)"]
[Site "Internet Chess Club"]
[Date "2020.08.23"]
[Round "6"]
[White "akhilv"]
[Black "LucasW2014"]
[Result "1/2-1/2"]
[ICCResult "Game drawn by mutual agreement"]
[WhiteElo "919"]
[BlackElo "676"]
[Opening "French: exchange variation"]
[ECO "C01"]
[NIC "FR.01"]
[Time "13:31:35"]
[TimeControl "2700+10"]

1. e4 e6 2. d4 d5 3. exd5 exd5 4. Nc3 Nf6 5. Bf4 Bf5 6. Nf3 Nc6 7. Bb5 Bd6
8. Bxd6 Qxd6 9. Qe2+ Be6 10. O-O O-O-O 11. Na4 Rde8 12. Qd3 a6 13. Bxc6 Qxc6
14. Nc5 Ne4 15. Qa3 Nxc5 16. Qxc5 Qxc5 17. dxc5 Kd7 18. Ne5+ Kc8 19. a4 f6
20. Nd3 b6 21. c6 Bf5 22. b4 Re2 23. Nf4 Rxc2 24. b5 a5 25. Nxd5 Re8 26.
Rfe1 Rce2 27. Rxe2 Rxe2 28. h3 Re5 29. Ne3 Kd8 30. Nxf5 Rxf5 31. Rd1+ Ke7
32. Rd7+ Ke6 33. Rxc7 Rg5 34. Rb7 Kd6 35. Rxb6 Kc7 36. Ra6 Rc5 37. Rxa5 g5
38. Ra7+ Kb6 39. Rxh7 Rc1+ 40. Kh2 Rc2 41. Rb7+ Ka5 42. Ra7+ Kb6
{Game drawn by mutual agreement}
1/2-1/2

[Event "ICC tourney 1970 (45 10)"]
[Site "Internet Chess Club"]
[Date "2020.08.23"]
[Round "6"]
[White "Jaguarking"]
[Black "MathMonkey"]
[Result "0-1"]
[ICCResult "White resigns"]
[WhiteElo "1106"]
[BlackElo "914"]
[Opening "Scotch: Schmidt variation"]
[ECO "C45"]
[NIC "SO.04"]
[Time "13:31:23"]
[TimeControl "2700+10"]

1. e4 e5 2. Nf3 Nc6 3. d4 exd4 4. Nxd4 Nf6 5. Nxc6 dxc6 6. Bd3 Qe7 7. O-O g6
8. e5 Nd7 9. Bf4 Bg7 10. Nc3 O-O 11. Kh1 Nxe5 12. Bxe5 Qxe5 13. Re1 Qc5 14.
Qd2 Rd8 15. Re2 Bf5 16. Qe3 Qxe3 17. Rxe3 Bxd3 18. cxd3 Rd7 19. Rae1 Rad8
20. Re8+ Bf8 21. Rxd8 Rxd8 22. Rd1 Bb4 23. h3 Bxc3 24. bxc3 c5 25. Kh2 c4
26. d4 c5 27. d5 Kf8 28. d6 Ke8 29. Kg3 Kd7 30. Kf4 Ke6 31. Kg5 Rxd6 32.
Rxd6+ Kxd6 33. f3 Ke5 34. g3 b5 35. a3 b4 36. axb4 cxb4 37. cxb4 c3 38. Kh6
c2 39. Kxh7 c1=Q 40. Kg7 Qh1 41. f4+ Kf5 42. Kxf7 Qxh3 43. Ke7 Qxg3 44. Kd7
Qxf4 45. Kc8 Qxb4 46. Kd8 Qb7 47. Ke8 Ke6 {White resigns} 0-1

[Event "ICC tourney 1970 (45 10)"]
[Site "Internet Chess Club"]
[Date "2020.08.23"]
[Round "6"]
[White "RoPac"]
[Black "mimzhang"]
[Result "0-1"]
[ICCResult "White checkmated"]
[WhiteElo "679"]
[BlackElo "977"]
[Opening "Giuoco Piano: four knights variation"]
[ECO "C50"]
[NIC "IG.02"]
[Time "13:31:37"]
[TimeControl "2700+10"]

1. e4 e5 2. Nf3 Nc6 3. Bc4 Bc5 4. Nc3 Nf6 5. O-O d6 6. d3 Bg4 7. h3 Bh5 8.
Be3 Bb6 9. Re1 a6 10. Nd5 Nxd5 11. Bxd5 Qf6 12. Bg5 Bxf3 13. Bxf6 Bxd1 14.
Bxg7 Rg8 15. Bxc6+ bxc6 16. Bxe5 dxe5 17. Raxd1 Ke7 18. c3 Rg7 19. d4 Rag8
20. g3 exd4 21. cxd4 Rd8 22. d5 Rxg3+ 23. Kf1 Rxh3 24. dxc6 Rh1+ 25. Ke2 Rh2
26. Rxd8 Rxf2+ 27. Kd1 Kxd8 28. Rh1 Rxb2 29. Rxh7 Ke7 30. Rh8 Rxa2 31. Ra8
a5 32. Kc1 Bd4 33. Rc8 Kd6 34. Kb1 Ra1+ 35. Kc2 a4 36. Rb8 a3 37. Rb1 Ra2+
38. Kb3 Rb2+ 39. Rxb2 axb2 40. Kc2 Kxc6 41. Kd3 b1=Q+ 42. Kxd4 Qc2 43. Ke5
Qd3 44. Kf4 Kd6 45. Kf5 Qf3+ 46. Kg5 Qxe4 47. Kf6 Qe5+ 48. Kxf7 Qe6+ 49. Kg7
Ke7 50. Kh8 Kf7 51. Kh7 Qg6+ 52. Kh8 Qg8# {White checkmated} 0-1

[Event "ICC tourney 1970 (45 10)"]
[Site "Internet Chess Club"]
[Date "2020.08.23"]
[Round "6"]
[White "miyzhang"]
[Black "ab4gm"]
[Result "1-0"]
[ICCResult "Black checkmated"]
[WhiteElo "1269"]
[BlackElo "1012"]
[Opening "Giuoco Piano"]
[ECO "C54"]
[NIC "IG.02"]
[Time "13:31:27"]
[TimeControl "2700+10"]

1. e4 e5 2. Nf3 Nc6 3. Bc4 Bc5 4. c3 Nf6 5. d3 d6 6. Bb3 Bg4 7. h3 Be6 8.
Nbd2 O-O 9. Nf1 Nh5 10. Bg5 Nf6 11. Ng3 h6 12. Bh4 g5 13. Nxg5 hxg5 14. Bxg5
Re8 15. Nh5 Kf8 16. Nxf6 Bxb3 17. axb3 Re7 18. Qh5 Re6 19. Nh7+ Kg7 20. Bxd8
Rxd8 21. Ng5 Rh6 22. Qxf7+ Kh8 23. Qxc7 Rg8 24. Nf7+ Kh7 25. Nxh6+ Kxh6 26.
O-O Nd8 27. Kh1 Ne6 28. Qf7 Rg6 29. Qe8 Nf4 30. h4 Kg7 31. Qe7+ Kh6 32. Qf8+
Kh7 33. g3 Nh3 34. h5 Rg5 35. Qf7+ Kh6 36. Kg2 Rxh5 37. Rh1 Kg5 38. Rxh3
Rxh3 39. Kxh3 Bb6 40. Qg7+ Kh5 41. g4# {Black checkmated} 1-0

[Event "ICC tourney 1970 (45 10)"]
[Site "Internet Chess Club"]
[Date "2020.08.23"]
[Round "6"]
[White "hustlficc"]
[Black "jerryjhzhang"]
[Result "1-0"]
[ICCResult "Black resigns"]
[WhiteElo "683"]
[BlackElo "801"]
[Opening "Ruy Lopez: 5.O-O"]
[ECO "C78"]
[NIC "RL.12"]
[Time "13:31:42"]
[TimeControl "2700+10"]

1. e4 e5 2. Nf3 Nc6 3. Bb5 a6 4. Ba4 Nf6 5. O-O b5 6. Bb3 Bc5 7. c3 d6 8. d4
Bb6 9. a4 Rb8 10. Na3 O-O 11. Bg5 Bg4 12. h3 Bxf3 13. Qxf3 exd4 14. cxd4
Nxd4 15. Qd3 Nxb3 16. Qxb3 b4 17. Nc2 a5 18. Qg3 h6 19. Bxh6 Nh5 20. Qg4 Qe7
21. Rfe1 Kh7 22. Qxh5 gxh6 23. Qf5+ Kg8 24. Qh5 Qf6 25. Rf1 Qxb2 26. Ne3 Kh7
27. Nf5 Bxf2+ 28. Kh2 Qe5+ 29. Kh1 b3 30. Qxh6+ Kg8 31. Qg5+ Kh8 32. Rab1
Bd4 33. Qh4+ Kg8 34. Ne7+ Kg7 35. Rf5 Qe6 36. Rg5+ Kf6 37. Rg6+ {Black
resigns} 1-0

[Event "ICC tourney 1970 (45 10)"]
[Site "Internet Chess Club"]
[Date "2020.08.23"]
[Round "6"]
[White "Trex226"]
[Black "ChezBro"]
[Result "1/2-1/2"]
[ICCResult "Game drawn by mutual agreement"]
[WhiteElo "879"]
[BlackElo "1059"]
[Opening "Pirc: classical, h3 system"]
[ECO "B08"]
[NIC "PU.10"]
[Time "13:31:31"]
[TimeControl "2700+10"]

1. e4 d6 2. d4 Nf6 3. Nc3 g6 4. Nf3 Bg7 5. h3 O-O 6. Bc4 Nfd7 7. O-O e5 8.
dxe5 dxe5 9. Bg5 Nf6 10. Re1 h6 11. Be3 Nc6 12. Qd2 Qxd2 13. Bxd2 b6 14. Re3
Nd4 15. Rc1 Bb7 16. Nh2 Rad8 17. Rg3 g5 18. Re3 Nf5 19. Re2 Nd6 20. Bd3
Ndxe4 21. Nxe4 Nxe4 22. Bb4 c5 23. Bxe4 Bxe4 24. Rxe4 cxb4 25. Rxb4 Rfe8 26.
Nf3 e4 27. Nh2 Bd4 28. Re1 e3 29. fxe3 Bxe3+ 30. Kf1 Bd2 31. Rxe8+ Rxe8 32.
Rd4 Re1+ 33. Kf2 Be3+ 34. Kxe1 Bxd4 35. b3 f5 36. Nf3 Bc3+ 37. Ke2 Kf7 38.
Kd3 Bf6 39. c4 Ke6 40. Ke3 g4 41. hxg4 fxg4 42. Nd4+ Bxd4+ 43. Kxd4 h5 44.
Ke4 h4 45. Ke3 h3 46. gxh3 gxh3 47. Kf2 h2 48. Kg2 h1=Q+ 49. Kxh1 Ke5 50.
Kg2 Kd4 51. Kf2 Kc3 52. Ke2 Kb2 53. Kd3 Kxa2 54. Kc3 Ka3 55. b4 Ka4 56. c5
Kb5 57. cxb6 axb6 58. Kb3 Kc6 59. Ka4 Kb7 60. Kb5 Kc7 61. Ka6 Kc6
{Game drawn by mutual agreement}
1/2-1/2

[Event "ICC tourney 1970 (45 10)"]
[Site "Internet Chess Club"]
[Date "2020.08.23"]
[Round "6"]
[White "april2012"]
[Black "bsarvagnya"]
[Result "0-1"]
[ICCResult "White checkmated"]
[WhiteElo "834"]
[BlackElo "1112"]
[Opening "Queen's pawn, Mason variation"]
[ECO "D00"]
[NIC "QP.08"]
[Time "13:31:27"]
[TimeControl "2700+10"]

1. d4 d5 2. Bf4 Nc6 3. e3 Nf6 4. c3 Bf5 5. Bd3 Bg6 6. Nf3 e6 7. Qc2 Ne4 8.
Nbd2 Nxd2 9. Qxd2 Bd6 10. Bg3 Qd7 11. Bxg6 hxg6 12. O-O-O O-O-O 13. Rde1 Na5
14. Qd3 Nc4 15. e4 dxe4 16. Qxe4 Qb5 17. Qc2 a5 18. Nd2 a4 19. Nxc4 Qxc4 20.
b3 axb3 21. axb3 Ba3+ 22. Kd2 Qc6 23. f3 f6 24. Ra1 Bd6 25. Rhe1 e5 26. dxe5
Bxe5+ 27. Kc1 b6 28. Bxe5 fxe5 29. h3 Rhe8 30. c4 Kb7 31. Qe4 Rd6 32. Qxc6+
Rxc6 33. Kc2 b5 34. Kc3 bxc4 35. bxc4 Rce6 36. Rad1 g5 37. Rd7 g6 38. Kd3
Kc6 39. Rd5 Rd6 40. Rxd6+ cxd6 41. Ke3 d5 42. cxd5+ Kxd5 43. Kf2 Ke6 44. Kg3
Kf5 45. Re4 Rh8 46. Kf2 Rh4 47. Rxh4 gxh4 48. Ke3 g5 49. g4+ hxg3 50. Ke2
Kf4 51. Kf1 Kxf3 52. Kg1 g2 53. h4 gxh4 54. Kh2 e4 55. Kg1 e3 56. Kh2 e2 57.
Kh3 e1=Q 58. Kh2 Qh1# {White checkmated} 0-1

[Event "ICC tourney 1970 (45 10)"]
[Site "Internet Chess Club"]
[Date "2020.08.23"]
[Round "6"]
[White "neptune46"]
[Black "gbuckley"]
[Result "0-1"]
[ICCResult "White checkmated"]
[WhiteElo "814"]
[BlackElo "1138"]
[Opening "Sicilian: closed, 2...Nc6"]
[ECO "B23"]
[NIC "SI.44"]
[Time "13:31:25"]
[TimeControl "2700+10"]

1. e4 c5 2. Nc3 Nc6 3. Nf3 d6 4. h3 Nf6 5. Bc4 Nxe4 6. Nxe4 d5 7. Bxd5 Qxd5
8. Nc3 Qd8 9. O-O e6 10. Re1 Be7 11. d3 O-O 12. Nh2 Qc7 13. Qf3 Bd6 14. Ne4
Bxh2+ 15. Kh1 Nd4 16. Qd1 Bd6 17. c3 Nc6 18. Nxd6 Qxd6 19. Qf3 Ne5 20. Qd1
Qxd3 21. Bd2 Nc4 22. Re2 Rd8 23. b3 Nxd2 24. Rxd2 Qxd2 25. Qxd2 Rxd2 26. Re1
Rxa2 27. Re3 Rxf2 28. Rg3 Rb2 29. Kh2 Rxb3 30. h4 a5 31. h5 a4 32. h6 g6 33.
Rf3 a3 34. Rg3 a2 35. Rf3 Rxc3 36. Rg3 Rxg3 37. Kxg3 a1=Q 38. Kh3 Ra3+ 39.
Kh2 Qe5+ 40. Kg1 Qe3+ 41. Kh1 Ra1+ 42. Kh2 Qg1+ 43. Kh3 e5+ 44. Kh4 Qh2+ 45.
Kg5 Qf4# {White checkmated} 0-1

[Event "ICC tourney 1970 (45 10)"]
[Site "Internet Chess Club"]
[Date "2020.08.23"]
[Round "6"]
[White "DiamondUnicorn"]
[Black "RockyWang"]
[Result "1/2-1/2"]
[ICCResult "Game drawn by repetition"]
[WhiteElo "489"]
[BlackElo "446"]
[Opening "Giuoco Piano"]
[ECO "C50"]
[NIC "IG.02"]
[Time "13:31:29"]
[TimeControl "2700+10"]

1. e4 e5 2. Nf3 Nc6 3. Bc4 Bc5 4. O-O Nf6 5. d3 h6 6. Nc3 O-O 7. Be3 Bb6 8.
h3 d6 9. Bb3 Be6 10. Qd2 Kh7 11. Nd5 a5 12. a4 Nd4 13. Nxd4 exd4 14. Bf4
Nxd5 15. exd5 Bf5 16. Bh2 Qd7 17. Qf4 Rfe8 18. Rfe1 f6 19. Bc4 Re5 20. Qf3
Rxe1+ 21. Rxe1 c6 22. dxc6 bxc6 23. Bxd6 Bxh3 24. Qxh3 Qxd6 25. Re6 Qd7 26.
Qf5+ Kh8 27. Qg6 Rf8 28. Re4 c5 29. Be6 Qe8 30. Qxe8 Rxe8 31. Bf5 Re5 32.
Rxe5 fxe5 33. Kh2 Kg8 34. Kg3 Kf7 35. Kf3 Kf6 36. Ke4 g5 37. g4 Bc7 38. Kd5
h5 39. Kxc5 h4 40. Be4 h3 41. Bh1 Ke6 42. Kc6 Bd6 43. Bd5+ Ke7 44. Kb5 Bb4
45. Bh1 Be1 46. f3 Bb4 47. Kc4 Kd6 48. c3 dxc3 49. bxc3 Bxc3 50. Kxc3 Kc5
51. Kb3 Kd4 52. Kc2 Ke3 53. Kd1 Kf2 54. Kd2 Kg1 55. Ke1 Kxh1 56. Kf1 Kh2 57.
Kf2 Kh1 58. Kf1 Kh2 59. Kf2 Kh1 60. Kf1 Kh2 61. Kf2 Kh1 62. Kf1 Kh2 63. Kf2
Kh1 64. Kf1 Kh2 {Game drawn by repetition} 1/2-1/2

[Event "ICC tourney 1970 (45 10)"]
[Site "Internet Chess Club"]
[Date "2020.08.23"]
[Round "7"]
[White "lienegu"]
[Black "Alberttheshow"]
[Result "1-0"]
[ICCResult "Black checkmated"]
[WhiteElo "779"]
[BlackElo "535"]
[Opening "Ruy Lopez: Caro variation"]
[ECO "C70"]
[NIC "RL.09"]
[Time "16:03:23"]
[TimeControl "2700+10"]

1. e4 e5 2. Nf3 Nc6 3. Bb5 a6 4. Ba4 b5 5. Bb3 Nf6 6. Ng5 d5 7. exd5 Nxd5 8.
Nxf7 Kxf7 9. Qf3+ Ke8 10. Bxd5 Bc5 11. Qf7# {Black checkmated} 1-0

[Event "ICC tourney 1970 (45 10)"]
[Site "Internet Chess Club"]
[Date "2020.08.23"]
[Round "7"]
[White "gbuckley"]
[Black "oliver-kc"]
[Result "0-1"]
[ICCResult "White checkmated"]
[WhiteElo "926"]
[BlackElo "460"]
[Opening "Caro-Kann: advance variation"]
[ECO "B12"]
[NIC "CK.04"]
[Time "16:02:36"]
[TimeControl "2700+10"]

1. e4 c6 2. d4 d5 3. e5 Bf5 4. g4 Bg6 5. f4 Be4 6. Nf3 e6 7. Nc3 Bg6 8. Bg2
Nd7 9. h4 h5 10. g5 c5 11. Be3 c4 12. b3 cxb3 13. axb3 Ne7 14. Nb5 Nf5 15.
Bf2 a6 16. Nc3 Bb4 17. Qd2 O-O 18. O-O-O Ba3+ 19. Kb1 Qa5 20. Na4 Bb4 21. c3
Ba3 22. Ne1 b5 23. Nb2 b4 24. Rc1 Rac8 25. c4 dxc4 26. bxc4 Ng3+ 27. Ka1
Nxh1 28. Bxh1 Bxb2+ 29. Kxb2 Qa3# {White checkmated} 0-1

[Event "ICC tourney 1970 (45 10)"]
[Site "Internet Chess Club"]
[Date "2020.08.23"]
[Round "7"]
[White "swiecsd"]
[Black "HeSteven"]
[Result "0-1"]
[ICCResult "White resigns"]
[WhiteElo "731"]
[BlackElo "937"]
[Opening "Hungarian defense"]
[ECO "C50"]
[NIC "IG.03"]
[Time "16:03:00"]
[TimeControl "2700+10"]

1. e4 e5 2. Nf3 Nc6 3. Bc4 Be7 4. Nc3 Nf6 5. d4 exd4 6. Nxd4 Nxd4 7. Qxd4
O-O 8. e5 c5 9. Qd3 Ne8 10. Qg3 Qb6 11. Bh6 Qxh6 12. O-O Bh4 13. Qd3 a6 14.
Bb3 b5 15. Nxb5 axb5 16. Qxb5 Ba6 17. Qxd7 Bxf1 18. Rxf1 Rd8 19. Qa4 Qd2 20.
Ra1 Qxf2+ 21. Kh1 Rd2 22. Rg1 Qxg1+ {White resigns} 0-1